AoeStats
← Gamer of the south

African Clearing

506101799Analyzed
2v2 RM · 21d ago on Sep 12, 2026· 36m 30s· 4 players
Game mode
Random Map
Map size
Medium (4 player)
Population
200
Speed
Normal
Resources
Standard
Victory
Conquest
Starting age
Dark Age
Ending age
Imperial Age
RankedLock teamsTeams togetherTeam positionsShared explorationLock speedFull tech treeHidden civsTurbo modeCheats
Victory
Defeat
🇿🇦 Japanese · South Africa
747
+16
🇿🇦 Britons · South Africa
731
+17
🇳🇴 Lithuanians · Norway
837
-42
🇦🇺 Britons · Australia
671
-14
behardienameer
15:58 Feudal Age
16:27 Horse Collar
17:33 Man-at-Arms
21:55 Scale Mail Armor
24:11 Gold Mining
25:36 Padded Archer Armor
30:13 Double-Bit Axe
38:54 Castle Age
Gamer of the south
9:51 Loom
19:07 Feudal Age
19:18 Man-at-Arms
20:28 Horse Collar
21:13 Arson
23:46 Wheelbarrow
23:02 Double-Bit Axe
26:26 Castle Age
25:22 Forging
25:14 Scale Mail Armor
29:09 Pikeman
30:24 Hand Cart
30:40 Squires
30:27 Gambesons
31:09 Chain Mail Armor
31:30 Iron Casting
32:08 Gold Mining
34:52 Heavy Plow
stappels98
17:56 Feudal Age
17:56 Man-at-Arms
22:23 Loom
23:39 Fletching
30:38 Padded Archer Armor
30:42 Scale Mail Armor
33:35 Forging
33:28 Padded Archer Armor
33:39 Forging
MCFARTFAST
14:33 Feudal Age
18:05 Double-Bit Axe
18:01 Horse Collar
24:23 Castle Age
33:31 Bow Saw
Connection lost

Rejoining the realm…

Still unreachable

The connection could not be restored.

Session expired

The server has moved on; the page needs a fresh start.